Map: Blackpink LE

Players

Lutrax - Winner!

  • Race: Terran Terran
  • League: Diamond
  • Spawn Location: 7:00

Dessa

  • Race: Zerg Zerg
  • League: Diamond
  • Spawn Location: 1:00

VOD

Have the link to the VOD?

Description

Time

  • Played on: Jan. 15, 2018, 12:01 p.m.
  • Length: 17:33
Show
View Real Time Build Order
Export as new Build Order

Lutrax Terran - Winner!

Build Orders: Reaper Expand, MMM Bio 

Get SALT Encoding   

  12  0:06  SCV  
  13  0:18  SCV  
  14  0:21  Supply Depot  
  14  0:30  SCV  
  15  0:43  SCV  
  15  0:46  Barracks  
  16  0:52  Refinery  
  16  0:55  SCV  
  17  1:07  SCV  
  18  1:19  SCV  
  19  1:33  Orbital Command  
  19  1:34  Reaper  
  20  1:43  Command Center  
  20  1:59  SCV  
  21  2:11  Supply Depot  
  21  2:12  SCV  
  22  2:19  Factory  
  22  2:24  SCV, Refinery  
  22  2:28  Barracks Reactor  
  23  2:39  SCV  
  24  2:51  SCV  
  26  2:59  Orbital Command  
  25  3:07  SCV  
  25  3:09  Starport  
  26  3:33  Barracks Tech Lab  
  26  3:38  SCV  
  26  3:40  SCV  
  28  3:44  Command Center  
  28  3:47  Hellion x2  
  32  3:51  SCV  
  32  3:52  SCV  
  34  3:57  Marine  
  34  3:58  Stimpack  
  34  4:00  Viking  
  37  4:08  Hellion  
  37  4:09  Hellion  
  41  4:13  SCV x2  
  43  4:19  Supply Depot  
  43  4:22  Marine  
  44  4:25  SCV  
  45  4:31  SCV  
  45  4:34  Bunker  
  46  4:41  SCV  
  46  4:43  SCV  
  48  4:46  Supply Depot  
  48  4:49  Hellion x2, Marine  
  53  4:53  SCV  
  53  4:56  SCV  
  55  5:04  Orbital Command  
  55  5:07  SCV, Engineering Bay  
  55  5:10  Barracks  
  56  5:21  SCV x2, Starport Reactor  
  56  5:23  Refinery  
  56  5:24  Refinery, Barracks  
  56  5:27  Engineering Bay  
  58  5:33  SCV x2  
  60  5:42  Factory Tech Lab  
  60  5:49  SCV  
  59  5:50  SCV x2  
  59  5:54  Marine  
  61  6:01  SCV, Terran Infantry Weapons Level 1, Terran Infantry Armor Level 1  
  61  6:03  Barracks Reactor  
  62  6:06  SCV  
  63  6:11  Marine  
  63  6:13  SCV  
  63  6:15  Marine x2  
  63  6:16  Siege Tank  
  63  6:18  SCV  
  61  6:23  Orbital Command  
  61  6:24  Supply Depot  
  61  6:26  SCV, Barracks  
  61  6:29  Armory, Marine, Barracks  
  61  6:30  SCV  
  64  6:33  Marine x2  
  66  6:40  Marine x2  
  66  6:41  Combat Shields  
  66  6:44  Medivac x2  
  72  6:47  Marine  
  72  6:50  Marine  
  72  6:51  Supply Depot, Marine  
  75  6:58  SCV x3  
  75  7:00  Supply Depot, Orbital Command  
  78  7:10  SCV x2  
  80  7:22  SCV  
  81  7:23  Supply Depot  
  81  7:25  SCV  
  81  7:27  Marine x4  
  81  7:29  Barracks Reactor  
  86  7:30  Barracks Reactor  
  86  7:32  Marine  
  86  7:33  Siege Tank  
  86  7:34  SCV  
  92  7:37  SCV  
  92  7:39  Supply Depot  
  92  7:43  Supply Depot  
  92  7:44  Supply Depot  
  92  7:45  Marine  
  92  7:47  Bunker, Marine x2  
  92  7:48  Supply Depot, Medivac x2  
  92  7:50  Supply Depot  
  99  7:59  Terran Infantry Armor Level 2, Terran Infantry Weapons Level 2, Terran Vehicle Weapons Level 1  
  99  8:00  Marine x2  
  101  8:09  Marine  
  101  8:10  Marine x6  
  101  8:11  Siege Tank  
  111  8:18  SCV, Medivac x2  
  116  8:33  Marine x3  
  119  8:34  Marine x6  
  119  8:39  Command Center  
  125  8:41  Barracks  
  125  8:44  Barracks  
  125  8:45  Siege Tank  
  128  8:50  Supply Depot  
  128  8:51  Marine x3  
  128  8:52  Marine x6  
  128  8:54  Supply Depot  
  137  9:05  Supply Depot  
  137  9:07  Supply Depot  
  137  9:09  Marine  
  138  9:24  Marine  
  130  9:37  Marine  
  109  9:42  Marine  
  109  9:43  Marine x7  
  109  9:44  Siege Tank  
  118  9:47  Factory  
  118  9:48  Refinery  
  118  9:55  Marine  
  112  10:00  Marine x2  
  112  10:01  Marine x6  
  99  10:13  Marine  
  92  10:16  Siege Tank  
  92  10:18  Marine x2  
  92  10:19  Marine x2  
  92  10:20  Marauder  
  97  10:22  Marine  
  96  10:34  Marine  
  91  10:41  Marauder  
  91  10:42  Marine  
  94  10:43  Marine x6  
  94  10:46  Medivac, Factory  
  94  10:47  Medivac  
  94  10:49  Widow Mine  
  106  10:51  Terran Infantry Weapons Level 3  
  106  10:52  Terran Infantry Armor Level 3, Marine  
  107  11:00  Marine x3  
  107  11:01  Marine x4  
  107  11:02  Orbital Command, Marauder  
  107  11:03  Refinery  
  116  11:05  Refinery  
  116  11:09  Marine  
  116  11:10  Widow Mine  
  119  11:13  Barracks Reactor  
  119  11:16  Medivac  
  119  11:18  Marine x4  
  122  11:20  Marine  
  122  11:21  Marine  
  127  11:31  Siege Tank  
  130  11:34  Factory Tech Lab  
  130  11:36  Marine x5  
  130  11:37  Marine x2  
  130  11:38  Marine  
  130  11:39  Marine  
  139  11:51  Marine x2  
  139  11:52  Medivac x2  
  139  11:54  Marine  
  144  11:55  Marauder  
  144  12:01  Marine x5  
  149  12:03  Siege Tank  
  151  12:15  Marine  
  127  12:16  Marine x4  
  127  12:17  Marauder  
  127  12:18  Marine  
  125  12:24  Marine x4  
  126  12:33  Marine  
  126  12:34  Marine x4  
  126  12:36  Marine  
  131  12:38  Marauder  
  131  12:40  Siege Tank x2  
  131  12:42  Marine x3  
  142  12:47  Command Center  
  141  12:59  Marauder  
  141  13:03  Marine x5  
  141  13:04  Marine x5  
  139  13:11  Sensor Tower  
  139  13:12  Siege Tank  
  142  13:14  Terran Vehicle Weapons Level 2  
  142  13:20  Marine x2  
  142  13:21  Marauder, Marine x2  
  142  13:23  Siege Tank  
  151  13:37  Starport  
  151  13:39  Barracks Tech Lab  
  151  13:40  Starport  
  151  13:42  Marauder  
  151  13:44  Siege Tank  
  156  13:59  Marine x3  
  156  14:00  Marauder  
  158  14:03  Marauder  
  145  14:10  Marine  
  145  14:12  Marine x3  
  139  14:21  Marauder  
  141  14:25  Marauder  
  141  14:26  Marine  
  141  14:27  Marine  
  141  14:28  Marine x2  
  113  14:43  Marauder  
  113  14:45  Marine x2  
  101  14:47  Marauder  
  102  15:02  SCV  
  102  15:03  Orbital Command  
  102  15:04  Marauder  
  81  15:08  Marauder  
  81  15:25  Marauder  
  81  15:26  Orbital Command  
  83  15:29  SCV  
  84  15:41  SCV  
  63  15:59  Marine x3  
  63  16:00  Marauder x2  
  62  16:07  Marine x2  
  62  16:08  Marine  
  62  16:11  Siege Tank  
  67  16:19  SCV  
  67  16:21  Marauder  
  67  16:22  Marine x2  
  67  16:23  Marine  
  73  16:26  Medivac  
  73  16:28  SCV  
  76  16:36  SCV  
  77  16:40  SCV  
  78  16:48  SCV, Marine x5  
  84  16:55  SCV  
  84  17:00  SCV  
  86  17:07  SCV  
  87  17:15  Marine x2  
Show
View Real Time Build Order
Export as new Build Order

Dessa Zerg 

Build Orders: Hatch First 

Get SALT Encoding   

  12  0:01  Drone  
  13  0:12  Overlord  
  13  0:17  Drone  
  14  0:31  Drone x2  
  14  0:34  Drone  
  17  0:53  Hatchery  
  17  0:56  Drone  
  17  1:00  Extractor  
  17  1:02  Drone  
  17  1:17  Spawning Pool  
  16  1:22  Drone  
  16  1:24  Drone  
  18  1:30  Overlord  
  18  1:39  Drone  
  19  1:50  Drone  
  20  2:04  Metabolic Boost  
  20  2:05  Queen  
  20  2:06  Queen  
  24  2:10  Zergling x2  
  24  2:13  Zergling x2  
  26  2:17  Drone  
  26  2:21  Drone  
  28  2:37  Drone  
  28  2:38  Drone  
  28  2:40  Queen  
  28  2:41  Overlord  
  32  2:47  Drone  
  33  2:59  Drone x2  
  33  3:00  Zergling x4  
  37  3:11  Drone x2  
  39  3:15  Drone  
  39  3:17  Baneling Nest  
  38  3:35  Drone x2  
  40  3:46  Hatchery  
  39  3:51  Drone  
  39  3:53  Extractor  
  39  3:54  Drone x3, Overlord  
  42  3:56  Overlord  
  42  4:02  Zergling x4  
  44  4:14  Drone x3  
  44  4:15  Drone  
  48  4:18  Drone, Evolution Chamber  
  48  4:20  Evolution Chamber  
  47  4:26  Drone x3, Overlord  
  47  4:30  Extractor  
  47  4:31  Extractor  
  47  4:35  Zergling x2  
  47  4:36  Zergling x4  
  49  4:44  Zergling x2  
  49  4:45  Zergling x2  
  51  4:51  Zerg Ground Armor Level 1, Zerg Melee Weapons Level 1  
  51  4:52  Overlord  
  49  5:08  Baneling x5  
  49  5:09  Baneling, Queen  
  49  5:10  Lair  
  49  5:12  Drone, Overlord  
  52  5:15  Drone x3  
  52  5:16  Drone x4  
  59  5:33  Drone x4  
  59  5:35  Zergling x4  
  64  5:51  Zergling x14  
  64  5:52  Overlord x2  
  64  5:55  Drone x2  
  66  6:23  Drone  
  66  6:25  Hydralisk Den  
  66  6:26  Drone  
  66  6:28  Drone, Overlord  
  66  6:30  Drone  
  66  6:31  Drone x2  
  71  6:33  Drone x4  
  71  6:34  Drone  
  71  6:35  Drone  
  71  6:37  Overlord  
  71  6:38  Drone  
  78  6:51  Zerg Ground Armor Level 2, Zerg Missile Weapons Level 1  
  78  6:53  Overlord  
  78  6:55  Pneumatized Carapace  
  78  7:20  Drone x2  
  78  7:21  Drone x3, Extractor x2  
  78  7:22  Drone x3  
  84  7:27  Drone x3, Overlord  
  84  7:28  Hydralisk x5  
  84  7:29  Hydralisk x2  
  101  7:33  Muscular Augments  
  101  7:36  Hatchery, Infestation Pit  
  99  7:38  Extractor  
  99  7:39  Extractor  
  99  7:40  Centrifical Hooks  
  99  7:41  Zergling x6  
  100  8:04  Hydralisk x2  
  100  8:05  Zergling x6  
  107  8:18  Overlord x2  
  107  8:37  Baneling x2  
  107  8:38  Baneling x8  
  107  8:39  Baneling x5, Zergling x2  
  107  8:40  Zergling x2, Hydralisk x8  
  107  8:41  Hydralisk  
  125  8:42  Zergling x2  
  128  8:51  Queen  
  128  8:53  Overlord  
  130  9:04  Zerg Missile Weapons Level 2  
  130  9:06  Hive  
  130  9:08  Hydralisk x2  
  130  9:09  Zergling x4  
  136  9:11  Overlord x2  
  117  9:42  Zergling x2  
  117  9:43  Zergling x30  
  132  9:52  Zergling x6  
  124  10:07  Hydralisk  
  124  10:08  Zergling x4  
  124  10:14  Baneling x2  
  124  10:15  Baneling x3  
  124  10:21  Zergling x6, Hydralisk x3  
  117  10:33  Zergling x4  
  117  10:34  Zergling x2  
  114  10:38  Drone x4  
  114  10:39  Drone  
  114  10:41  Zerg Melee Weapons Level 2  
  119  10:43  Adrenal Glands  
  119  10:45  Baneling x7, Swarm Host  
  119  10:46  Hydralisk x5  
  119  10:47  Zergling x4  
  134  10:55  Drone  
  135  11:03  Hatchery  
  134  11:20  Zerg Ground Armor Level 3  
  134  11:23  Ultralisk Cavern  
  133  11:46  Overlord x2  
  133  11:55  Hatchery  
  104  12:18  Zergling x2  
  104  12:19  Zergling x16  
  105  12:23  Ultralisk x4  
  105  12:24  Ultralisk  
  105  12:25  Zergling x2  
  105  12:26  Zergling x6  
  105  12:28  Hydralisk x2  
  105  12:29  Hydralisk x6  
  139  12:30  Zergling x10  
  139  12:31  Ultralisk x2, Zergling x4  
  139  12:33  Queen  
  158  12:38  Baneling  
  158  12:39  Baneling x8  
  158  12:40  Baneling x2  
  158  12:44  Hydralisk  
  158  12:45  Hydralisk  
  158  12:48  Overlord x2  
  162  12:52  Hydralisk x4  
  164  13:04  Hydralisk x3  
  164  13:05  Hydralisk x2  
  170  13:12  Drone x2  
  172  13:13  Queen  
  174  13:30  Extractor, Hydralisk x6  
  185  13:43  Extractor, Zergling x6  
  185  13:44  Zergling x24  
  185  13:45  Extractor  
  185  13:46  Baneling x4  
  185  13:47  Baneling x7  
  185  13:48  Baneling  
  161  14:39  Zergling x2  
  150  14:57  Lair  
  138  15:12  Hatchery  
  131  15:28  Overlord x2  
  109  15:58  Swarm Host x2  
  99  16:13  Spawning Pool  
  96  16:29  Hatchery  
  95  16:50  Infestor x2, Swarm Host  
  95  16:51  Infestor x2  
Tags
 
Composition
MMM Bio
Matchup
TvZ
Replay Pack
2017S4
Spawn Locations
Cross Positions
Add a new tag
Caveats
  • Supply blocks, unpowered buildings, or Contaminate may cause inaccurate times.
  • Supply counts are checked every 10 seconds.